 Dungeon Crawl Stone Soup version 0.27.1-34-g3ba077fa99 (webtiles) character file.

Game seed: 17605483841955223081

111 Arum the Slasher (level 4, -3/35 HPs)
             Began as a Demonspawn Gladiator on Jan 4, 2022.
             Slain by a mummy (14 damage)
             ... in an ossuary.
             The game lasted 00:03:12 (2690 turns).

Arum the Slasher (Demonspawn Gladiator)             Turns: 2690, Time: 00:03:12

Health: -3/35      AC:  4    Str: 12 (14) XL:     4   Next: 62%
Magic:  4/4        EV: 12    Int:  8 (10) God:
Gold:   122        SH:  0    Dex: 15 (17) Spells: 3/3 levels left

rFire    . . .     SeeInvis +   a - +0 long sword
rCold    . . .     Faith    .   (no shield)
rNeg     . . .     Spirit   .   b - +0 leather armour
rPois    .         Reflect  .   c - +0 helmet
rElec    .         Harm     .   (no cloak)
rCorr    .         Rampage  .   (no gloves)
Will     .....                  (no boots)
Stlth    ++........             (no amulet)
HPRegen  1.11/turn              k - ring of see invisible
MPRegen  0.09/turn              (no ring)

@: brilliant, attractive
A: thin skeletal structure 1, demonic guardian 1, powered by death 1
a: no special abilities


You were in an ossuary.
You visited 1 branch of the dungeon, and saw 4 of its levels.
You also visited: Ossuary.

You collected 122 gold pieces.

Inventory:

Hand Weapons
 a - a +0 long sword (weapon)
Missiles
 d - 3 throwing nets (quivered)
Armour
 b - a +0 leather armour (worn)
 c - a +0 helmet (worn)
Jewellery
 k - a ring of see invisible (left hand)
Scrolls
 f - 2 scrolls of teleportation {unknown}
 g - a scroll of amnesia {unknown}
 h - a scroll of vulnerability {unknown}
 i - a scroll of acquirement {unknown}
 j - a scroll of noise {unknown}
 l - a scroll of fear {unknown}
 o - a scroll of fog {unknown}
Potions
 e - 2 potions of degeneration
 p - a potion of brilliance


   Skills:
 + Level 3.2 Fighting
 + Level 3.6 Long Blades
 - Level 1.7 Throwing
 + Level 3.5 Dodging


You had 3 spell levels left.
You didn't know any spells.
Your spell library contained the following spells:

 Spells                   Type           Power      Damage    Failure   Level
 Beastly Appendage        Tmut           0%         N/A       50%         1
 Wereblood                Tmut           0%         N/A       63%         2
 Spider Form              Tmut/Pois      0%         N/A       86%         3


Dungeon Overview and Level Annotations

Branches:
Dungeon (4/15)            Ossuary (1/1)
 Temple: D:4-7

Altars:

Shops:
D:2 :   D:3 [


Innate Abilities, Weirdness & Mutations

You have a somewhat thin skeletal structure. (Dex +2, Stealth+)
A weak demonic guardian rushes to your aid.
You regenerate a little health from kills.


Message History

The hobgoblin zombie is pulled toward you!
You bump into the stone wall.
The hobgoblin zombie closely misses you.
You slash the mummy!
The mummy is heavily damaged.
The kobold zombie closely misses you.
Your shadow imp hits the gnoll zombie.
The hobgoblin zombie hits you but does no damage.
You bump into the stone wall.
The kobold zombie closely misses you.
Your shadow imp hits the gnoll zombie.
You bump into the stone wall.
The hobgoblin zombie barely misses you. The kobold zombie barely misses you.
Your shadow imp hits the gnoll zombie.
The mummy misses you.
You bump into the stone wall.
You feel less invigorated.
You feel less confused. The hobgoblin zombie hits you.
Your shadow imp hits the gnoll zombie.
The gnoll zombie is destroyed!
The kobold zombie misses you.
You barely miss the mummy.
The mummy is heavily damaged.
The mummy hits you.
The hobgoblin zombie closely misses you.
You riposte.
You slash the hobgoblin zombie!
The hobgoblin zombie is almost destroyed.
The kobold zombie barely misses you.
You riposte.
You barely miss the kobold zombie. You hit the mummy.
The mummy is heavily damaged.
Your shadow imp hits the mummy.
The hobgoblin zombie closely misses you.
You riposte.
You hit the hobgoblin zombie.
You destroy the hobgoblin zombie!
The mummy hits you!!
Ouch! That really hurt!
The kobold zombie barely misses you.
The hobgoblin zombie is pulled toward you!
You completely miss the mummy.
The mummy is severely damaged.
Your shadow imp disappears in a puff of smoke!
The hobgoblin zombie hits you. The mummy hits you!
You die...

#....#
#....#
#....#
#....#
#....#
#....#
#§...#
#MZ..#
#@Z∩.#
######


You could see a mummy, a hobgoblin zombie and a kobold zombie.

Vanquished Creatures
  2 adders
  2 worms (D:3)
  A dart slug (D:2)
  9 endoplasms
  5 giant cockroaches
  7 goblins
  5 hobgoblins
  6 jackals
  6 kobolds
  9 ball pythons
  6 bats
  2 frilled lizards
  3 hobgoblin zombies (Ossuary)
  A kobold zombie (Ossuary)
  5 rats
69 creatures vanquished.

Vanquished Creatures (collateral kills)
  A mummy (Ossuary)
  A gnoll zombie (Ossuary)
2 creatures vanquished.

Grand Total: 71 creatures vanquished

Notes
Turn   | Place    | Note
-------+----------+-------------------------------------------
     0 | D:1      | Arum the Demonspawn Gladiator began the quest for the Orb.
     0 | D:1      | Reached XP level 1. HP: 16/16 MP: 1/1
   242 | D:1      | Gained mutation: You regenerate a little health from kills.
                  | [demonic ancestry]
   242 | D:1      | Reached XP level 2. HP: 22/22 MP: 2/2
   267 | D:1      | Found a faded altar of an unknown god.
   747 | D:1      | Gained mutation: A weak demonic guardian rushes to your
                  | aid. [demonic ancestry]
   747 | D:1      | Reached XP level 3. HP: 28/28 MP: 3/3
  1153 | D:2      | Found Ifomiel's Book Shop.
  1961 | D:3      | Found Yxtun's Armour Shop.
  1987 | D:3      | Gained mutation: You have a somewhat thin skeletal
                  | structure. (Dex +2, Stealth+) [demonic ancestry]
  1987 | D:3      | Reached XP level 4. HP: 34/34 MP: 4/4
  2649 | D:4      | Found a sand-covered staircase.
  2654 | Ossuary  | Entered an ossuary
  2690 | Ossuary  | Slain by a mummy

Illustrated notes

Levels and vault maps discovered:
D:1:      dpeg_arrival_long_road, layout_basic, ebering_ecumenical_altar_mist,
          serial_curves, eino_curves_03, eino_curves_04
D:2:      layout_loops_cross, serial_shops,
          nicolae_shop_competitors_out_of_business
D:3:      layout_rooms, serial_shops, shop
D:4:      layout_rooms, enter_ossuary_2
Ossuary:  ossuary_tomb_3

Skill      XL: |  1  2  3  4 |
---------------+-------------+-----
Long Blades    | 3 |  3.6
Dodging        | 3 |  3.5
Fighting       | 3 |  3.2
Throwing       | |  1.7

Action                   |  1- 3 |  4- 6 || total
-------------------------+-------+-------++-------
Melee: Long sword        |   108 |    57 ||   165
  Use: Potion            |       |     4 ||     4
 Stab: Sleeping          |     2 |     5 ||     7
Armor: Leather armour    |    34 |    16 ||    50
Dodge: Dodged            |    72 |    48 ||   120
       Rpst.: Long sword |    25 |     9 ||    34
